AoeStats
← AiM | CanvaL

Arabia

509857545Analyzed
1v1 RM · 3d ago on Sep 28, 2026· 22m 56s· 2 players
Game mode
Random Map
Map size
Tiny (2 player)
Population
200
Speed
Normal
Resources
Standard
Victory
Conquest
Starting age
Dark Age
Ending age
Imperial Age
RankedLock teamsTeams togetherTeam positionsShared explorationLock speedFull tech treeHidden civsTurbo modeCheats
Victory
Defeat
🇫🇮 Slavs · Finland
1627
+11
🇨🇱 Hindustanis · Chile
1509
-11
o_o
6:15 Loom
8:47 Feudal Age
9:27 Double-Bit Axe
9:35 Horse Collar
16:21 Wheelbarrow
16:41 Forging
20:37 Castle Age
18:44 Gold Mining
19:53 Scale Barding Armor
20:02 Bloodlines
20:39 Light Cavalry
21:55 Iron Casting
21:34 Bow Saw
23:23 Chain Barding Armor
23:19 Husbandry
AiM | CanvaL
6:26 Loom
8:49 Feudal Age
10:05 Double-Bit Axe
12:38 Horse Collar
21:36 Castle Age
20:13 Gold Mining
21:07 Fletching
21:32 Bloodlines
22:48 Bodkin Arrow
Connection lost

Rejoining the realm…

Still unreachable

The connection could not be restored.

Session expired

The server has moved on; the page needs a fresh start.